 Dungeon Crawl Stone Soup version 0.27-a0-1384-g1422d76b99 (webtiles) character file.

Game seed: 8444447525502517370

1982 senseless the Nimble (level 9, -13/64 HPs)
             Began as a Felid Berserker on June 29, 2021.
             Was an Elder of Trog.
             Mangled by a two-headed ogre (25 damage)
             ... on level 8 of the Dungeon on June 30, 2021.
             The game lasted 00:21:56 (6458 turns).

senseless the Nimble (Felid Berserker)              Turns: 6458, Time: 00:21:56

Health: -13/64     AC:  6    Str: 16    XL:     9   Next: 1%
Magic:  10/10      EV: 23    Int:  9    God:    Trog [****..]
Gold:   376        SH:  0    Dex: 15    Spells: 8/8 levels left
                                        Lives:  0   Deaths: 2

rFire    . . .     SeeInvis +     - Unarmed
rCold    . . .     Faith    .   (shield unavailable)
rNeg     . . .     Spirit   .   (armour unavailable)
rPois    .         Reflect  .   (helmet unavailable)
rElec    .         Harm     .   (cloak unavailable)
rCorr    .         Rampage  .   (gloves unavailable)
Will     +....                  (boots unavailable)
Stlth    ..........             g - amulet of regeneration
HPRegen  1.20/turn              b - +4 ring of protection
MPRegen  0.12/turn              k - ring of flight

@: berserking, flying, very quick
A: very small, claws 1, fangs 3, see invisible, speed 1, shaggy fur 2, stealthy
paws, no weapons or thrown items, no armour, multi-lived
a: Renounce Religion, Berserk, Trog's Hand, Brothers in Arms


You were on level 8 of the Dungeon.
You worshipped Trog.
Trog was greatly pleased with you.
You visited 1 branch of the dungeon, and saw 8 of its levels.

You collected 376 gold pieces.

Inventory:

Jewellery
 b - a +4 ring of protection (left paw)
 g - an amulet of regeneration (around neck)
 k - a ring of flight (right paw)
 l - an amulet of reflection
Wands
 c - a wand of acid (12)
 f - a wand of charming (6)
 o - a wand of polymorph (14)
 q - a wand of mindburst (7)
Potions
 a - 2 potions of mutation
 d - 4 potions of curing
 e - a potion of ambrosia
 i - a potion of lignification
 j - a potion of haste
 m - a potion of magic {unknown}


   Skills:
 * Level 7.7 Fighting
 * Level 10.4 Dodging
 + Level 6.9 Stealth
 * Level 8.5 Unarmed Combat


You had 8 spell levels left.
You didn't know any spells.
Your spell library contained the following spells:

 Spells                   Type           Power      Damage    Failure   Level
 Animate Skeleton         Necr           0%         N/A       38%         1
 Apportation              Tloc           0%         N/A       38%         1
 Beastly Appendage        Tmut           0%         N/A       38%         1
 Corona                   Hex            0%         N/A       38%         1
 Summon Small Mammal      Summ           0%         N/A       38%         1
 Call Imp                 Summ           0%         N/A       52%         2
 Wereblood                Tmut           0%         N/A       52%         2
 Call Canine Familiar     Summ           0%         N/A       77%         3
 Spider Form              Tmut/Pois      0%         N/A       77%         3
 Summon Guardian Golem    Hex/Summ       0%         N/A       77%         3
 Ice Form                 Ice/Tmut       0%         N/A       99%         4
 Summon Ice Beast         Ice/Summ       0%         N/A       99%         4
 Summon Lightning Spire   Summ/Air       0%         N/A       99%         4


Dungeon Overview and Level Annotations

Branches:
Dungeon (8/15)             Temple (0/1) D:7
   Lair: D:8-11

Altars:
Ashenzari
Cheibriados
Fedhas
Kikubaaqudgha
Sif Muna
Uskayaw


Innate Abilities, Weirdness & Mutations

You have sharp claws.
You have razor-sharp teeth.
You have supernaturally acute eyesight. (SInv)
You cover ground quickly. (Speed+)
You are covered in thick fur. (AC +2)
Your paws help you pounce on unaware monsters.
You are incapable of wielding weapons or throwing items.
You cannot wear armour.
You gain extra lives every three experience levels.


Message History

Your experience leads to an increase in your attributes!
Increase (S)trength, (I)ntelligence, or (D)exterity?
You feel stronger.
You claw the orc!
You kill the orc!
Trog accepts your kill.
You scratch the two-headed ogre.
The two-headed ogre is lightly wounded.
The two-headed ogre barely misses you.
The two-headed ogre completely misses you.
You claw the two-headed ogre! You bite the two-headed ogre.
The two-headed ogre is moderately wounded.
You scratch the two-headed ogre.
You bite the two-headed ogre, but do no damage.
The two-headed ogre is moderately wounded.
The two-headed ogre closely misses you. The two-headed ogre barely misses you.
You barely miss the two-headed ogre.
The two-headed ogre is moderately wounded.
The two-headed ogre misses you.
The two-headed ogre hits you with a +0 giant club!
You barely miss the two-headed ogre.
You claw the two-headed ogre, but do no damage.
The two-headed ogre is moderately wounded.
You claw the two-headed ogre! You bite the two-headed ogre!
The two-headed ogre is heavily wounded.
The two-headed ogre hits you with a +0 giant club!
The two-headed ogre hits you with a +0 giant club.
* * * LOW HITPOINT WARNING * * *
You are too injured to fight recklessly!
You are too injured to fight recklessly!
A red film seems to cover your vision as you go berserk!
You feel yourself moving faster!
You feel mighty!
You barely miss the two-headed ogre.
The two-headed ogre is heavily wounded.
You barely miss the two-headed ogre.
The two-headed ogre is heavily wounded.
The two-headed ogre hits you with a +0 giant club!
* * * LOW HITPOINT WARNING * * *
The two-headed ogre hits you with a +0 giant club!!
You die...

.. ##............
..........#........)..#
.
#.............).......#
.#....<.......)..).....#
..........####.#.####..
#........# #...#
#.......# #...#
#.......# #O..#
#.......#####@..#
#.###.####.....## ##.#
#.##...#..## #(.#
#..........# #.##
#..........# #.#
#..........# #.#
#..........# #.#
#.........!# ##.#
#..........#


You could see a two-headed ogre.

Vanquished Creatures
  A hydra (D:6)
  An ice beast (D:6)
  An orc warrior (D:6)
  A sky beast (D:5)
  6 ogres
  A phantom (D:4)
  A centaur (D:6)
  A bullfrog (D:6)
  A wyvern zombie (D:8)
  2 scorpions (D:5)
  2 water moccasin skeletons
  5 killer bees (D:6)
  7 howler monkeys
  3 wights (D:5)
  2 vampire bats (D:3)
  A bullfrog zombie (D:6)
  A centaur zombie (D:6)
  A gnoll shaman (D:7)
  2 orc priests (D:6)
  A centaur skeleton (D:4)
  A jelly (D:6)
  2 bullfrog skeletons
  3 iguanas
  Ijyb (D:4)
  4 orc wizards
  6 gnolls
  8 adders
  2 shadow imps (D:7)
  An ufetubus (D:5)
  A worm (D:2)
  A dart slug (D:1)
  20 orcs
  2 bat skeletons (D:3)
  3 bat zombies (D:3)
  7 endoplasms
  2 giant cockroaches (D:3)
  4 goblins
  A hobgoblin (D:1)
  5 jackals
  3 quokkas
  6 ball pythons
  4 bats
  3 frilled lizards
  7 kobolds
  4 rats
  A bush (D:3)
143 creatures vanquished.

Vanquished Creatures (others)
  4 plants (D:3)
4 creatures vanquished.

Grand Total: 147 creatures vanquished

Notes
Turn   | Place    | Note
-------+----------+-------------------------------------------
     0 | D:1      | senseless the Felid Berserker began the quest for the Orb.
     0 | D:1      | Reached XP level 1. HP: 10/10 MP: 2/2
   477 | D:1      | Reached XP level 2. HP: 14/14 MP: 3/3
  1105 | D:2      | Reached XP level 3. HP: 9/17 MP: 4/4
  1527 | D:2      | Found a snail-covered altar of Cheibriados.
  1574 | D:2      | Reached skill level 5 in Dodging
  1577 | D:2      | Reached XP level 4. HP: 21/21 MP: 5/5
  1673 | D:2      | Found a faded altar of an unknown god.
  1716 | D:2      | Reached ** piety under Trog
  2460 | D:3      | Reached XP level 5. HP: 24/24 MP: 6/6
  2701 | D:3      | Found an ancient bone altar of Kikubaaqudgha.
  2715 | D:3      | Reached skill level 1 in Stealth
  2722 | D:3      | Reached skill level 5 in Unarmed Combat
  3114 | D:4      | Noticed a phantom
  3133 | D:4      | Reached *** piety under Trog
  3143 | D:4      | Killed a phantom
  3144 | D:4      | Reached skill level 6 in Dodging
  3144 | D:4      | Gained mutation: You are covered in thick fur. (AC +2)
                  | [Felid growth]
  3144 | D:4      | Reached XP level 6. HP: 22/28 MP: 7/7
  3280 | D:4      | Reached XP level 7. HP: 33/33 MP: 8/8
  3293 | D:4      | Found a shimmering blue altar of Sif Muna.
  3359 | D:4      | Noticed Ijyb
  3361 | D:4      | Killed Ijyb
  3435 | D:4      | Found a hide-covered altar of Uskayaw.
  3435 | D:4      | Found a broken altar of Ashenzari.
  3435 | D:4      | Found a blossoming altar of Fedhas.
  3791 | D:5      | Entered Level 5 of the Dungeon
  3891 | D:5      | Reached skill level 7 in Dodging
  4244 | D:5      | Reached skill level 5 in Fighting
  4790 | D:5      | Reached XP level 8. HP: 36/36 MP: 9/9
  4891 | D:5      | Identified the +1 leather armour "Kazuosug" {Fly Int+4}
  5124 | D:6      | Reached skill level 8 in Dodging
  5221 | D:6      | Slain by an orc warrior
  5222 | D:6      | Reached XP level 7. HP: -2/34 MP: 8/8
  5222 | D:6      | Upgraded the game from 0.27-a0-1378-gdefffd1ff6 to
                  | 0.27-a0-1384-g1422d76b99
  5258 | D:6      | Noticed a four-headed hydra
  5270 | D:6      | Killed a four-headed hydra
  5271 | D:6      | Reached skill level 9 in Dodging
  5271 | D:6      | Reached skill level 5 in Stealth
  5271 | D:6      | Reached XP level 8. HP: 9/39 MP: 9/9
  5363 | D:6      | Slain by a killer bee
  5364 | D:6      | Reached XP level 7. HP: 0/52 MP: 8/8
  5473 | D:6      | Reached XP level 8. HP: 37/39 MP: 9/9
  5625 | D:6      | Reached **** piety under Trog
  5626 | D:6      | Reached skill level 10 in Dodging
  5998 | D:7      | Found a staircase to the Ecumenical Temple.
  6437 | D:8      | Noticed a two-headed ogre
  6444 | D:8      | Reached XP level 9. HP: 40/43 MP: 10/10
  6458 | D:8      | Mangled by a two-headed ogre

Illustrated notes

Levels and vault maps discovered:
D:1:      saegor_arrival_simple_a, layout_basic
D:2:      layout_loops_ring, hellmonk_ecumenical_altar_lost_god, basic_altar,
          grunt_ministairs_5
D:3:      layout_basic, kennysheep_vampire_church, serial_forest,
          infiniplex_forest_straight_5, infiniplex_forest_lined_3,
          infiniplex_forest_lined_room_2, infiniplex_forest_clump_double,
          infiniplex_forest_clump_curved, infiniplex_forest_end_3,
          minmay_misc_feat_columns, kennysheep_generic_room_12
D:4:      layout_loops_corners, general_overflow_altar,
          gammafunk_temple_overflow_claw, wad_rectangle_vault, uniq_ijyb
D:5:      layout_gridville, minmay_misc_feat_iff, grunt_decor_resistance
D:6:      layout_cave_pools, minmay_misc_feat_doors
D:7:      layout_cave_pools, minmay_temple_entry_glassed_door,
          minmay_misc_feat_tiny
D:8:      layout_rooms, erik_lair_dragon, grunt_livestock, minivault_11

Skill      XL: |  1  2  3  4  5  6  7  8 |
---------------+-------------------------+-----
Dodging        | 5 6 9 10 | 10.4
Unarmed Combat | 4 5 7 8 |  8.5
Stealth        | 2 6 |  6.9
Fighting       | 4 6 7 |  7.7

Action                   |  1- 3 |  4- 6 |  7- 9 || total
-------------------------+-------+-------+-------++-------
Melee: Unarmed           |    71 |   152 |   268 ||   491
       Bite              |     5 |    20 |    30 ||    55
       Punch             |     1 |     3 |    10 ||    14
Invok: Berserk           |     3 |     2 |    11 ||    16
Evoke: Wand              |       |     4 |     8 ||    12
  Use: Scroll            |     3 |     3 |     8 ||    14
       Potion            |       |       |     3 ||     3
 Stab: Sleeping          |     1 |     3 |     3 ||     7
Armor: Skin              |     7 |    26 |    29 ||    62
Dodge: Dodged            |    47 |   109 |   245 ||   401

Table legend: (Time is in decaauts)
 A = Elapsed time spent in this place.
 B = Non-inter-level travel time spent in this place.
 C = Inter-level travel time spent in this place.
 D = Time resting spent in this place.
 E = Time spent auto-exploring this place.
 F = Levels seen in this place.
 G = Mean time per level.
                   A        B        C        D        E       F      G
               +--------+--------+--------+--------+--------+-----+--------+
         Total |   5611 |   5463 |    148 |    740 |   3663 |   8 |  701.4 |
       Dungeon |   5611 |   5463 |    148 |    740 |   3663 |   8 |  701.4 |
               +--------+--------+--------+--------+--------+-----+--------+

Top non-repeatable levels by time:
     D:2: 996 daAuts
     D:5: 984 daAuts
     D:4: 902 daAuts
     D:1: 757 daAuts
     D:3: 747 daAuts
     D:6: 684 daAuts
     D:7: 463 daAuts
     D:8: 75 daAuts
